 Dungeon Crawl Stone Soup version 0.28.0-47-ge53b351184 (webtiles) character file.

Game seed: 3818684709539857189

11147 H0rd4k the Eclecticist (level 11, 0/57 HPs)
             Began as a Deep Elf Hedge Wizard on May 4, 2022.
             Was an Initiate of Gozag.
             Slain by a death yak (2 damage)
             ... in an ice cave.
             The game lasted 00:23:24 (16947 turns).

H0rd4k the Eclecticist (Deep Elf Hedge Wizard)     Turns: 16947, Time: 00:23:25

Health: 0/57       AC:  3    Str:  7    XL:     11   Next: 45%
Magic:  15/32      EV: 14    Int: 24    God:    Gozag
Gold:   1047       SH:  0    Dex: 14    Spells: 32/41 levels left

rFire   + . .      SeeInvis .   m - staff of fire
rCold   . . .      Faith    .   (no shield)
rNeg    . . .      Spirit   .   b - +0 robe
rPois   +          Reflect  .   c - +1 hat
rElec   .          Harm     .   (no cloak)
rCorr   .          Rampage  .   (no gloves)
Will    ++...                   (no boots)
Stlth   ++........              (no amulet)
HPRegen 0.19/turn               k - ring of willpower
MPRegen 0.23/turn               p - ring of poison resistance

@: no status effects
A: no striking features
a: Renounce Religion, Potion Petition, Call Merchant, Bribe Branch


You were in an ice cave.
You worshipped Gozag.
Gozag was most pleased with you.
You visited 2 branches of the dungeon, and saw 12 of its levels.
You also visited: Ice Cave.

You collected 1299 gold pieces.
You spent 171 gold pieces at shops.
You paid 81 gold pieces to Gozag.

Inventory:

Hand Weapons
 a - a +0 dagger
Missiles
 y - a throwing net
Armour
 b - a +0 robe (worn)
 c - a +1 hat (worn)
Magical Staves
 m - a staff of fire (weapon)
Jewellery
 k - a ring of willpower (left hand)
 p - a ring of poison resistance (right hand)
Wands
 o - a wand of digging (13)
 u - a wand of flame (27)
 w - a wand of polymorph (7)
Scrolls
 d - a scroll of noise {unknown}
 f - 2 scrolls of amnesia
 h - 5 scrolls of identify
 i - 3 scrolls of teleportation
 l - 2 scrolls of enchant armour
 n - 3 scrolls of fog
 s - a scroll of fear {unknown}
 t - a scroll of enchant weapon {unknown}
Potions
 e - a potion of degeneration
 g - 2 potions of haste
 j - 3 potions of curing
 q - 4 potions of mutation {unknown}
 r - a potion of cancellation {unknown}
 v - a potion of attraction {unknown}
 x - 4 potions of ambrosia {unknown}
Miscellaneous
 z - a tin of tremorstones (inert)


   Skills:
 + Level 2.1 Fighting
 + Level 4.7 Dodging
 - Level 2.4 Stealth
 + Level 15.6 Spellcasting
 + Level 11.6 Conjurations
 * Level 3.7 Summonings
 + Level 3.6 Translocations
 + Level 3.1 Fire Magic
 + Level 3.7 Air Magic
 + Level 3.3 Poison Magic
 + Level 1.7 Evocations


You had 32 spell levels left.
You knew the following spells:

 Your Spells              Type           Power      Damage    Failure   Level
a - Magic Dart            Conj           100%       1d8       1%          1
b - Blink                 Tloc           72%        N/A       1%          2
c - Conjure Flame         Conj/Fire      69%        6-21      1%          3
d - Mephitic Cloud        Conj/Pois/Air  48%        N/A       1%          3

Your spell library contained the following spells:

 Spells                   Type           Power      Damage    Failure   Level
 Apportation              Tloc           72%        N/A       1%          1
 Summon Small Mammal      Summ           100%       N/A       1%          1
 Call Imp                 Summ           36%        N/A       1%          2
 Animate Skeleton         Necr           36%        N/A       3%          1
 Slow                     Hex            72%        N/A       3%          1
 Ignite Poison            Fire/Tmut/Pois 43%        N/A       3%          3
 Ensorcelled Hibernation  Hex/Ice        36%        N/A       4%          2
 Spider Form              Tmut/Pois      26%        N/A       4%          3
 Freezing Cloud           Conj/Ice/Air   21%        6-21      10%         5
 Summon Ice Beast         Ice/Summ       27%        N/A       14%         4
 Anguish                  Hex/Necr       9%         N/A       30%         4
 Summon Mana Viper        Hex/Summ       27%        N/A       36%         5
 Monstrous Menagerie      Summ           18%        N/A       99%         7


Dungeon Overview and Level Annotations

Branches:
Dungeon (11/15)            Temple (1/1) D:7            Lair (0/6) D:8
    Orc (0/2) D:11          IceCv (1/1)

Altars:
Ashenzari
Cheibriados
Dithmenos
Elyvilon
Fedhas
Gozag
Hepliaklqana
Kikubaaqudgha
Makhleb
Nemelex Xobeh
Okawaru
Qazlal
Ru
Sif Muna
Trog
Uskayaw
Vehumet
Wu Jian
Xom
Yredelemnul
Zin
The Shining One

Shops:
D:1 *   D:4 !

Annotations:
D:2 exclusion: downstairs
D:4 exclusion: downstairs
D:5 exclusion: downstairs
D:8 exclusions: downstairs and 2 oklob saplings
D:10 1 runed translucent door, exclusions: vampire and wraith, KamiKatze's ghost, journeyman OpCj


Message History

Confirm with . or Enter, or press ? or * to list all spells.
You feel a surge of power!
The fire begins to smoulder!
The fire ignites!
Casting: Conjure Flame (safe; 1% risk of failure)
Confirm with . or Enter, or press ? or * to list all spells.
Aiming: Mephitic Cloud (safe; 1% risk of failure)
Press: ? - help, Shift-Dir - straight line, f/p - death yak
Aim: a death yak (moderately wounded, chance to affect: 34%)
The ball explodes into a vile cloud!
The stinking cloud engulfs the death yak but does no damage.
The death yak is moderately wounded.
You hear a bellow! x2
The death yak is engulfed in noxious fumes.
The magic dart hits the death yak!
The death yak is moderately wounded.
The death yak is engulfed in blazing flames.
The death yak gores you!!
The magic dart hits the death yak.
The death yak is heavily wounded.
The death yak is engulfed in blazing flames.
The death yak gores you!
You are too injured to fight recklessly!
Casting: Magic Dart (safe; 1% risk of failure)
Confirm with . or Enter, or press ? or * to list all spells.
Aiming: Magic Dart (safe; 1% risk of failure)
Press: ? - help, Shift-Dir - straight line, f/p - death yak
Aim: a death yak (flame, severely wounded, 100% to hit)
The magic dart hits the death yak but does no damage.
The death yak is severely wounded.
The death yak is engulfed in blazing flames.
The death yak gores you!!
* * * LOW HITPOINT WARNING * * *
Casting: Magic Dart (safe; 1% risk of failure)
Confirm with . or Enter, or press ? or * to list all spells.
You blink.
The death yak is engulfed in blazing flames.
You feel stable enough to blink again. The death yak gores you.
You die...
Your body crumbles into a pile of gold.

########## ###
#...##...######
$$ ##.##
#...##...##...#.#
$$ ##.#(# Y...
########..#
####.#.## ⌠..
#..#####...####
..
###Y@#...#....##
.
###..######..####
#### ###...##
###..# ##..##
#..## ###..# # $
##...## # #..###
#


You could see a death yak.

Vanquished Creatures
  Pikel (D:6)
  Maggie (D:6)
  Joseph (D:9)
  A rime drake (IceCv)
  5 polar bears (IceCv)
  An ice devil (D:11)
  A hornet (D:8)
  A troll (D:11)
  Sigmund (D:6)
  3 wyverns
  Eustachio (D:5)
  21 yaks
  A steam dragon (D:7)
  A basilisk (D:8)
  Menkaure (D:4)
  2 water moccasins
  Duvessa (D:5)
  A sky beast (D:6)
  A black bear (D:8)
  2 ice beasts
  3 ogres
  12 wolves (IceCv)
  4 centaurs
  3 lemures (D:6)
  2 kobold brigands (D:11)
  2 bullfrogs
  2 gnoll sergeants (D:11)
  2 scorpions (D:5)
  Dowan (D:5)
  A water moccasin skeleton (D:5)
  A howler monkey (D:6)
  A crimson imp (D:8)
  A centaur zombie (D:10)
  A bullfrog zombie (D:5)
  A jelly (D:5)
  A bullfrog skeleton (D:6)
  4 hounds
  5 orc priests
  Jessica (D:3)
  A centaur skeleton (D:6)
  5 orc wizards
  Natasha (thrice) (D:3)
  4 iguanas
  A hound skeleton (D:5)
  5 river rats (D:5)
  14 adders
  A shadow imp (D:5)
  A white imp (D:6)
  3 ufetubi
  An adder skeleton (D:4)
  A worm (D:3)
  A dart slug (D:4)
  25 orcs
  9 endoplasms
  4 giant cockroaches
  4 goblins
  4 hobgoblins
  3 jackals (D:2)
  6 kobolds
  9 quokkas
  18 ball pythons
  8 bats
  5 frilled lizards
  22 rats
254 creatures vanquished.

Vanquished Creatures (others)
  13 plants
13 creatures vanquished.

Grand Total: 267 creatures vanquished

Notes
Turn   | Place    | Note
-------+----------+-------------------------------------------
     0 | D:1      | H0rd4k the Deep Elf Hedge Wizard began the quest for the
                  | Orb.
     0 | D:1      | Reached XP level 1. HP: 10/10 MP: 7/7
   175 | D:1      | Reached skill level 5 in Spellcasting
   209 | D:1      | Found Yguuwargh's Assorted Antiques.
   222 | D:1      | Reached XP level 2. HP: 15/15 MP: 7/10
   862 | D:1      | Reached XP level 3. HP: 19/19 MP: 9/11
   865 | D:1      | Learned a level 2 spell: Blink
   869 | D:1      | Learned a level 3 spell: Conjure Flame
   873 | D:1      | Learned a level 3 spell: Mephitic Cloud
  2222 | D:3      | Noticed Natasha
  2228 | D:3      | Killed Natasha
  2229 | D:3      | Reached skill level 6 in Spellcasting
  2229 | D:3      | Reached XP level 4. HP: 15/24 MP: 7/14
  2405 | D:3      | Noticed Natasha
  2564 | D:3      | Reached skill level 1 in Air Magic
  2603 | D:3      | Reached skill level 1 in Fire Magic
  2723 | D:3      | Reached skill level 1 in Poison Magic
  2762 | D:3      | Noticed Jessica
  2764 | D:3      | Killed Jessica
  2765 | D:3      | Reached XP level 5. HP: 28/28 MP: 13/16
  2821 | D:3      | Killed Natasha
  2822 | D:3      | Reached skill level 7 in Spellcasting
  3015 | D:3      | Noticed Natasha
  3155 | D:3      | Found a sacrificial altar of Ru.
  3342 | D:3      | Killed Natasha
  3430 | D:4      | Found Oxtock's Distillery.
  3551 | D:4      | Reached XP level 6. HP: 24/32 MP: 7/18
  3623 | D:4      | Noticed a water moccasin
  3777 | D:5      | Entered Level 5 of the Dungeon
  3778 | D:5      | Noticed Dowan
  4288 | D:4      | Noticed Menkaure
  4302 | D:4      | Killed Menkaure
  4303 | D:4      | Reached skill level 8 in Spellcasting
  4432 | D:4      | Killed a water moccasin
  4433 | D:4      | Reached XP level 7. HP: 34/36 MP: 11/21
  4880 | D:5      | Reached skill level 9 in Spellcasting
  4880 | D:5      | Reached skill level 5 in Conjurations
  5097 | D:5      | Noticed Duvessa
  5113 | D:5      | Killed Duvessa
  5212 | D:5      | Killed Dowan
  5337 | D:6      | Reached XP level 8. HP: 33/41 MP: 9/23
  5445 | D:6      | Noticed Maggie
  5751 | D:5      | Found a glowing golden altar of the Shining One.
  6185 | D:5      | Noticed Eustachio
  6428 | D:5      | Killed Eustachio
  6429 | D:5      | Reached skill level 10 in Spellcasting
  6727 | D:6      | Noticed Pikel
  6893 | D:6      | Killed Pikel
  6894 | D:6      | Reached skill level 11 in Spellcasting
  7040 | D:6      | Reached XP level 9. HP: 36/46 MP: 22/26
  7189 | D:6      | Noticed Sigmund
  7204 | D:6      | Killed Sigmund
  8197 | D:6      | Killed Maggie
  8198 | D:6      | Reached skill level 1 in Fighting
  8198 | D:6      | Reached skill level 12 in Spellcasting
  8978 | D:7      | Found a staircase to the Ecumenical Temple.
  9089 | Temple   | Entered the Ecumenical Temple
  9247 | Temple   | Became a worshipper of Gozag Ym Sagoz the Greedy
  9883 | D:8      | Found a staircase to the Lair.
 10085 | D:8      | Reached XP level 10. HP: 33/52 MP: 14/28
 10446 | D:8      | Found a snail-covered altar of Cheibriados.
 10491 | D:8      | Noticed a +0 spear
 10491 | D:8      | Noticed a +0 falchion
 10492 | D:8      | Noticed a +0 spear
 10492 | D:8      | Noticed a +0 short sword
 10492 | D:8      | Noticed a +0 falchion
 10492 | D:8      | Noticed a +0 dagger
 10492 | D:8      | Noticed a +0 short sword
 10492 | D:8      | Noticed a +0 dagger
 10497 | D:8      | Found a hide-covered altar of Uskayaw.
 10613 | D:8      | Reached skill level 13 in Spellcasting
 10775 | D:8      | Found a burning altar of Makhleb.
 11681 | D:1      | Bought a faintly glowing chain mail for 171 gold pieces
 11681 | D:1      | Identified the +3 chain mail "Ryj Sat" {rPois Stlth+} (You
                  | bought it in a shop on level 1 of the Dungeon)
 12126 | D:9      | Identified the +7 battleaxe of the Vaults {drain, rN+ Str-4
                  | SInv}
 12309 | D:9      | Reached skill level 10 in Conjurations
 12548 | D:9      | Noticed Joseph
 12564 | D:9      | Killed Joseph
 12810 | D:9      | Found a shimmering blue altar of Sif Muna.
 13269 | D:9      | Reached skill level 14 in Spellcasting
 13387 | D:10     | Entered Level 10 of the Dungeon
 13859 | D:10     | Found a runed translucent door.
 13859 | D:10     | Found a shimmering altar of Xom.
 13859 | D:10     | Noticed KamiKatze's ghost (journeyman OpCj)
 13860 | D:10     | Noticed a +2 long sword of chaos
 13866 | D:10     | Noticed a wizard
 14278 | D:11     | Found a staircase to the Orcish Mines.
 14414 | D:11     | Reached skill level 1 in Evocations
 14463 | D:11     | Found a frozen archway.
 14472 | IceCv    | Entered an ice cave
 14853 | IceCv    | Reached XP level 11. HP: 53/56 MP: 14/31
 14976 | IceCv    | Reached skill level 15 in Spellcasting
 16927 | IceCv    | Noticed a death yak
 16928 | IceCv    | Noticed a death yak
 16943 | IceCv    | HP: 2/57 [death yak (24)]
 16947 | IceCv    | Slain by a death yak

Illustrated notes

Levels and vault maps discovered:
D:1:      dpeg_arrival_water_temple_mockup, layout_loops_ring, serial_shops,
          shop, minmay_tetromino_t4
D:2:      layout_loops_corners, amcnicky_mini_pool_small,
          chequers_serial_rivers_micro_b
D:3:      layout_rooms, nicolae_ru_path_of_blood, serial_forest,
          infiniplex_forest_zigzag_2, infiniplex_forest_straight_2,
          infiniplex_forest_straight_2, infiniplex_forest_lined_ring,
          infiniplex_forest_lined_corner, infiniplex_forest_lined_room_3,
          infiniplex_forest_zigzag_1, infiniplex_forest_clump_diagonal,
          grunt_ministairs_9, uniq_natasha, uniq_jessica
D:4:      layout_basic, serial_shops, nicolae_shop_stone,
          kennysheep_decorative_pillar, uniq_menkaure
D:5:      lemuel_ratsnest, layout_basic, tso_metal_star, uniq_duvessa,
          uniq_eustachio
D:6:      layout_basic, uniq_sigmund, uniq_pikel, uniq_maggie
D:7:      layout_basic, minmay_temple_entry_hall, serial_aquarium,
          aquarium_bridge_square [aquarium_subvault_wall,
          aquarium_subvault_bridge, aquarium_subvault_balcony,
          aquarium_subvault_balcony], aquarium_bridge_straight
          [aquarium_subvault_bridge, aquarium_subvault_wall,
          aquarium_subvault_bridge, aquarium_subvault_window],
          aquarium_window_1, aquarium_window_corner, aquarium_view_2a,
          aquarium_view_2e, aquarium_pool_1, minmay_misc_feat_encased
D:8:      layout_basic, cheibriados_altar_1, nicolae_uskayaw_en_pointe,
          makhleb_grotto_becter, david_lair_generic, minmay_misc_feat_tower,
          minivault_22, introduction_to_nature_1
D:9:      layout_roguey, kennysheep_mini_moat, uniq_joseph
D:10:     layout_irregular_city, ebering_ghost_xom, roderic_batcave
D:11:     layout_roguey, kennysheep_orc_monster_closet_entryway,
          portal_ice_cave_demonic_guard, serial_shops, nicolae_shop_stone,
          minivault_13, uniq_snorg
Temple:   regret_index_temple_sphere_string
IceCv:    ice_cave_caverns_01

Skill      XL: |  1  2  3  4  5  6  7  8  9 10 11 |
---------------+----------------------------------+-----
Spellcasting   | 5 6 7 8 9 11 12 14 15 | 15.6
Conjurations   | 2 3 4 5 7 9 11 | 11.6
Air Magic      | 1 2 3 |  3.7
Fire Magic     | 1 2 3 |  3.1
Poison Magic   | 1 2 3 |  3.3
Dodging        | 3 4 |  4.7
Translocations | 3 |  3.6
Fighting       | 1 2 |  2.1
Evocations     | 1 |  1.7
Summonings     | 3 |  3.7
Stealth        | |  2.4

Action                   |  1- 3 |  4- 6 |  7- 9 | 10-12 || total
-------------------------+-------+-------+-------+-------++-------
Melee: Dagger            |       |       |     1 |       ||     1
 Cast: Magic Dart        |   111 |   148 |   368 |   350 ||   977
       Conjure Flame     |       |     4 |    30 |    38 ||    72
       Mephitic Cloud    |       |     2 |    33 |    23 ||    58
       Blink             |       |     1 |     8 |     7 ||    16
Evoke: Wand              |       |       |     4 |    11 ||    15
       Tin of tremorston |       |       |       |     2 ||     2
  Use: Potion            |       |       |     4 |       ||     4
       Scroll            |       |       |       |     5 ||     5
Armor: Robe              |     2 |     3 |     3 |    18 ||    26
Dodge: Dodged            |    12 |    15 |    48 |    85 ||   160
